 Dungeon Sprint DCSS version 0.21.2 (webtiles) character file.

176 Fang the Chopper (level 5, 0/37 HPs)
             Began as a Gargoyle Berserker on Dec 19, 2018.
             Was a High Priest of Trog.
             Slain by a red devil
             ... wielding a +1 demon trident of pain
             ... summoned by a kobold demonologist
              (15 damage)
             ... in the Dungeon (Sprint VII: "The Pits").
             The game lasted 00:01:32 (1060 turns).

Fang the Chopper (Gargoyle Berserker)               Turns: 1060, Time: 00:01:33

Health: 0/37       AC: 16    Str: 22    XL:     5   Next: 56%
Magic:  5/5        EV:  9    Int:  7    God:    Trog [*****.]
Gold:   0          SH:  0    Dex:  9    Spells: 4/4 levels left

rFire    . . .     SeeInvis .   j - +2 hand axe
rCold    . . .     Gourm    .   (no shield)
rNeg     + . .     Faith    .   n - +3 chain mail
rPois    ∞         Spirit   .   (no helmet)
rElec    +         Reflect  .   (no cloak)
rCorr    .         Harm     .   (no gloves)
MR       .....     NoTele   +   (no boots)
Stlth    ..........             (no amulet)
HPRegen  0.12/turn              (no ring)
MPRegen  0.09/turn              (no ring)

@: no status effects
A: negative energy resistance 1, electricity resistance, unbreathing,
petrification resistance, rot immunity, AC +4
a: Berserk, Trog's Hand, Brothers in Arms, Burn Spellbooks, Renounce Religion


You were in the Dungeon.
You worshipped Trog.
Trog was extremely pleased with you.
You were not hungry.

You visited 1 branch

Inventory:

Hand Weapons
 j - a +2 hand axe (weapon)
 m - a +1 hand axe of chopping
Armour
 b - a +0 animal skin
 n - a +3 chain mail (worn)
Scrolls
 i - a scroll of blinking
 k - 3 scrolls of remove curse
 l - a scroll of summoning
Potions
 a - 2 potions of invisibility
 d - 6 potions of curing
 e - 6 potions of heal wounds
 f - a potion of haste
 g - 4 potions of magic
 h - 3 potions of berserk rage
Comestibles
 c - 9 rations
 o - 4 chunks of flesh


   Skills:
 + Level 6.6 Fighting
 + Level 7.8 Axes
 + Level 4.0 Armour
 + Level 3.6 Dodging
 + Level 1.0 Stealth


You had 4 spell levels left.
You didn't know any spells.

Dungeon Overview and Level Annotations

Branches:
Dungeon (1/1)

Altars:
Ashenzari
Cheibriados
Dithmenos
Elyvilon
Fedhas
Gozag
Hepliaklqana
Kikubaaqudgha
Makhleb
Nemelex Xobeh
Okawaru
Qazlal
Ru
Sif Muna
Trog
Uskayaw
Vehumet
Wu Jian
Xom
Yredelemnul
Zin
The Shining One
Beogh
Jiyva
Lugonu


Innate Abilities, Weirdness & Mutations

You are resistant to torment.
Your stone body is resilient. (AC +4)
You are immune to poison.
You resist negative energy. (rN+)
You are resistant to electric shocks. (rElec)
You can survive without breathing.
You are immune to petrification.
You are immune to rotting.


Message History

The white imp grinds its teeth.
The white imp barely misses you.
The red devil hits you but does no damage.
The kobold demonologist completely misses you.
You hit the white imp.
The white imp is heavily wounded.
You miss the kobold demonologist.
The white imp hits you but does no damage.
The kobold demonologist hits you but does no damage.
The red devil hits you from afar with a demon trident of pain!
You writhe in agony.
You hit the white imp.
The white imp is severely wounded.
You hit the kobold demonologist.
The white imp shouts, "Return whence thou came, thou droning toenail-biting canker-blossom!"
The white imp gestures at you. The puff of frost hits you!
The kobold demonologist looks encouraged for a moment.
The red devil hits you from afar with a demon trident of pain!
You die...

#.#........##.......#
#(###########.......#
#%÷#.#.## #########
#.......# ##.#.#.##
#.......#+#
##.#.#.##4+
#.......#K#
##.#.#.45@#
##########


You could see a rust devil, a kobold demonologist, a red devil and a white imp.

Vanquished Creatures
  A big kobold (D)
  A crimson imp (D)
  A worker ant (D)
  An adder (D)
  2 river rats (D)
  An ooze (D)
  A hobgoblin (D)
  9 jackals (D)
  A quokka (D)
  3 ball pythons (D)
  A rat (D)
22 creatures vanquished.

Notes
Turn   | Place    | Note
-------+----------+-------------------------------------------
     0 | D        | Fang the Gargoyle Berserker began the quest for the Orb.
     0 | D        | Reached XP level 1. HP: 14/14 MP: 1/1
    19 | D        | Reached skill level 3 in Axes
   177 | D        | Found a bloodstained altar of Trog.
   177 | D        | Found a deep blue altar of Sif Muna.
   177 | D        | Found a viscous altar of Jiyva.
   177 | D        | Found a hazy altar of Hepliaklqana.
   177 | D        | Found an opulent altar of Gozag.
   222 | D        | Reached ** piety under Trog
   222 | D        | Reached XP level 2. HP: 6/20 MP: 2/2
   474 | D        | Reached skill level 4 in Axes
   485 | D        | Reached *** piety under Trog
   500 | D        | Reached XP level 3. HP: 15/25 MP: 3/3
   506 | D        | Reached skill level 5 in Fighting
   797 | D        | Found a glowing golden altar of the Shining One.
   797 | D        | Found a glowing silver altar of Zin.
   797 | D        | Found a basalt altar of Yredelemnul.
   797 | D        | Found a shimmering altar of Xom.
   797 | D        | Found an ornate altar of the Wu Jian Council.
   797 | D        | Found a sacrificial altar of Ru.
   797 | D        | Found a stormy altar of Qazlal.
   797 | D        | Found an iron altar of Okawaru.
   797 | D        | Found a sparkling altar of Nemelex Xobeh.
   797 | D        | Found a burning altar of Makhleb.
   797 | D        | Found a blossoming altar of Fedhas.
   797 | D        | Found a white marble altar of Elyvilon.
   797 | D        | Found a shadowy altar of Dithmenos.
   797 | D        | Found a snail-covered altar of Cheibriados.
   798 | D        | Found a radiant altar of Vehumet.
   798 | D        | Found a corrupted altar of Lugonu.
   798 | D        | Found a roughly hewn altar of Beogh.
   799 | D        | Found a hide-covered altar of Uskayaw.
   799 | D        | Found an ancient bone altar of Kikubaaqudgha.
   799 | D        | Found a shattered altar of Ashenzari.
   825 | D        | Noticed a big kobold
   828 | D        | Reached **** piety under Trog
   835 | D        | Reached skill level 5 in Axes
   839 | D        | Killed a big kobold
   839 | D        | Reached skill level 6 in Axes
   839 | D        | Reached XP level 4. HP: 31/32 MP: 4/4
   841 | D        | Reached ***** piety under Trog
   842 | D        | Reached skill level 7 in Axes
   842 | D        | Reached XP level 5. HP: 35/36 MP: 5/5
   844 | D        | Received a gift from Trog
   856 | D        | Reached skill level 1 in Stealth
  1052 | D        | Noticed a kobold demonologist
  1055 | D        | Noticed a red devil
  1056 | D        | Noticed a rust devil
  1060 | D        | Slain by a red devil

Skill      XL: |  1  2  3  4  5 |
---------------+----------------+-----
Fighting       | 4 5 6 |  6.6
Axes           | 3 4 6 7 |  7.8
Dodging        | 2 3 |  3.6
Armour         | 3 4 |  4.0
Stealth        | 1 |  1.0

Action                   |  1- 3 |  4- 6 || total
-------------------------+-------+-------++-------
Melee: Hand axe          |    57 |    26 ||    83
Invok: Berserk           |     2 |       ||     2
  Eat: Chunk             |       |     2 ||     2
Armor: Animal skin       |    16 |       ||    16
       Chain mail        |    19 |    14 ||    33
Dodge: Dodged            |    41 |    10 ||    51
